 Dungeon Crawl Stone Soup version 0.27-a0-448-gace5c5693b (webtiles) character file.

Game seed: 11785513225497300538

100 HoaS the Insei (level 4, -1/37 HPs)
             Began as a Demigod Gladiator on Feb 27, 2021.
             Killed by nerve-wracking pain
             ... invoked by Grinder
              (9 damage)
             ... while paralysed by Grinder
             ... on level 3 of the Dungeon.
             The game lasted 00:04:54 (1767 turns).

HoaS the Insei (Demigod Gladiator)                  Turns: 1767, Time: 00:04:55

Health: -1/37      AC: 10    Str: 15    XL:     4   Next: 23%
Magic:  6/6        EV:  2    Int: 10    God:
Gold:   152        SH:  0    Dex: 19    Spells: 3/3 levels left

rFire    . . .     SeeInvis .     - Unarmed
rCold    . . .     Faith    .   (no shield)
rNeg     . . .     Spirit   .   m - +0 ring mail
rPois    .         Reflect  .   b - +1 helmet
rElec    .         Harm     .   (no cloak)
rCorr    .         Rampage  .   (no gloves)
Will     .....                  l - +2 pair of boots
Stlth    +.........             (no amulet)
HPRegen  0.12/turn              (no ring)
MPRegen  0.10/turn              (no ring)

@: paralysed, hasted (expiring)
A: high mp 1
a: no special abilities


You were on level 3 of the Dungeon.
You visited 1 branch of the dungeon, and saw 3 of its levels.

You collected 152 gold pieces.

Inventory:

Missiles
 c - 2 throwing nets (quivered)
Armour
 b - a +1 helmet (worn)
 i - a +0 chain mail
 l - a +2 pair of boots (worn)
 m - a +0 ring mail (worn)
Scrolls
 e - 4 scrolls of teleportation
 g - a scroll of identify
 j - a scroll of magic mapping
 k - 2 scrolls of random uselessness
Potions
 d - a potion of invisibility
 f - a potion of curing {unknown}


   Skills:
 + Level 2.5 Fighting
 - Level 1.7 Throwing
 + Level 1.3 Armour
 + Level 3.2 Dodging
 * Level 3.7 Unarmed Combat


You had 3 spell levels left.
You didn't know any spells.
Your spell library was empty.

Dungeon Overview and Level Annotations

Branches:
Dungeon (3/15)

Annotations:
D:3 Grinder


Innate Abilities, Weirdness & Mutations

You have an increased reservoir of magic. (+10% MP)


Message History

You are too injured to fight recklessly!
You are too injured to fight recklessly!
You are too injured to fight recklessly!
You are too injured to fight recklessly!
You hit Grinder.
Grinder is almost dead.
You hit Grinder.
Grinder is almost dead.
Grinder gestures at you.
You barely resist. You closely miss Grinder.
Grinder is almost dead.
Grinder barely misses you.
You hit Grinder.
Grinder is almost dead.
You hit Grinder.
Grinder is almost dead.
Grinder gestures at you. Pain shoots through your body!
You hit Grinder but do no damage.
Grinder is almost dead.
Grinder closely misses you.
Your ring mail prevents you from hitting Grinder.
Grinder is almost dead.
Your extra speed is starting to run out.
You hit Grinder but do no damage.
Grinder is almost dead.
Grinder hits you but does no damage.
You barely miss Grinder.
Grinder is almost dead.
You completely miss Grinder.
Grinder is almost dead.
Grinder gestures at you.
You suddenly lose the ability to move!
Grinder hits you but does no damage. Grinder hits you!
* * * LOW HITPOINT WARNING * * *
Grinder gestures at you. Pain shoots through your body!
You die...

#......>#
#.####### #....#
##.##.########
#.............
#.####.####?##
#.##.....##
#.#.......#
#.#.....@5#
#......_.......#
#..#.....$.#...#
#..#.......#(..#
#. ##.....##
.... ###.### ##
... ...


You could see Grinder.

Vanquished Creatures
  Natasha (twice) (D:2)
  An ooze (D:1)
  2 worms
  A dart slug (D:1)
  9 bats
  8 giant cockroaches
  2 goblins (D:2)
  4 hobgoblins
  A quokka (D:2)
  4 frilled lizards
  A kobold (D:1)
  6 rats
41 creatures vanquished.

Vanquished Creatures (others)
  16 plants (D:3)
16 creatures vanquished.

Grand Total: 57 creatures vanquished

Notes
Turn   | Place    | Note
-------+----------+-------------------------------------------
     0 | D:1      | HoaS the Demigod Gladiator began the quest for the Orb.
     0 | D:1      | Reached XP level 1. HP: 17/17 MP: 3/3
   259 | D:1      | Reached XP level 2. HP: 24/24 MP: 4/4
   571 | D:1      | You fall into a shaft and drop 1 floor!
   583 | D:2      | Found a glowing golden altar of the Shining One.
  1071 | D:2      | Found a broken altar of Ashenzari.
  1102 | D:2      | Reached XP level 3. HP: 29/29 MP: 5/5
  1195 | D:2      | Noticed Natasha
  1312 | D:2      | Killed Natasha
  1313 | D:2      | Reached skill level 1 in Armour
  1427 | D:2      | Noticed Natasha
  1442 | D:2      | Killed Natasha
  1443 | D:2      | Reached XP level 4. HP: 37/37 MP: 6/6
  1722 | D:3      | Noticed Grinder
  1728 | D:3      | Found a sacrificial altar of Ru.
  1764 | D:3      | Paralysed by Grinder for 5 turns
  1767 | D:3      | Killed from afar by Grinder

Illustrated notes

Levels and vault maps discovered:
D:1:      minmay_arrival_stone_box, layout_loops_cross, serial_bayou_ford_a,
          chequers_serial_rivers_small_b, st_stairs_6
D:2:      layout_rooms, evilmike_ruin_ashenzari, tso_altar, uniq_natasha
D:3:      layout_basic, lemuel_crystal_altar, old_standard_altar,
          kennysheep_boxes, uniq_grinder

Skill      XL: |  1  2  3 |
---------------+----------+-----
Fighting       | 2 |  2.5
Unarmed Combat | 3 |  3.7
Dodging        | 3 |  3.2
Armour         | 1 |  1.3
Throwing       | |  1.7

Action                   |  1- 3 |  4- 6 || total
-------------------------+-------+-------++-------
Melee: Unarmed           |   208 |    51 ||   259
       Punch             |     3 |       ||     3
Throw: Throwing net      |     1 |       ||     1
  Use: Scroll            |     7 |     2 ||     9
       Potion            |       |     1 ||     1
Armor: Leather armour    |    42 |       ||    42
       Ring mail         |    44 |    10 ||    54
Dodge: Dodged            |   143 |    17 ||   160

Table legend: (Time is in decaauts)
 A = Elapsed time spent in this place.
 B = Non-inter-level travel time spent in this place.
 C = Inter-level travel time spent in this place.
 D = Time resting spent in this place.
 E = Time spent auto-exploring this place.
 F = Levels seen in this place.
 G = Mean time per level.
                   A        B        C        D        E       F      G
               +--------+--------+--------+--------+--------+-----+--------+
         Total |   1781 |   1723 |     58 |    198 |   1012 |   3 |  593.7 |
       Dungeon |   1781 |   1723 |     58 |    198 |   1012 |   3 |  593.7 |
               +--------+--------+--------+--------+--------+-----+--------+

Top non-repeatable levels by time:
     D:1: 989 daAuts
     D:2: 575 daAuts
     D:3: 216 daAuts
